Unix NetHack Version 5.0.0-0 post-release - last build Jun 10 2026 00:39:30 (3ee93aec679c4c4259841fe613dc97188e26a321,branch:main).

Game began 2026-06-22 17:29:06, ended 2026-06-22 21:27:33.

Barrb, neutral female human Barbarian

                         ---                     --
                        --.--                   --.-  ---                 ---
                      ---...|                   |...---.--------         --.---
                      |...---                   |........|.--..|  ---    |....|
   ----               |..--                     |..............---|.`|  --....|
   |..|              ---.----      ----  ---   --................--..----.....|
   |..--         -  --......|      |..----.--  |......................||..-----
   |...---      -.---.......|    ---...--...|  -----...`........).....--.--
   ---...----  ---......[.---   --..........-----  ---.............---...|
     ---....---|..........|    --............|..-------.-..%.......--..---
    ---.......||..........|   --................................./%...--
    |.........-|.-........-----....^..............---------.<.......---
    |..........|................--................--      --........|
    -->....|......f..@..---------|.................-       ---...----
     ---..---..*.-.....--        --........................| --..|
       -----....|.........        -...+....|...............-  -..|
          -.|..--.........-      ........-----..............| .---
            ----......--...|    -.|.--...|   --...........--  -
                -.|.---  ..|    ----------    |...........|
                -----    .--                  ---.--.|..---
                         --                     --- -----
Barrb the Pillager         St:18 Dx:16 Co:20 In:7 Wi:7 Ch:8  Neutral
Dlvl:8  $:322 HP:55(55) Pw:3(3) AC:-4 Xp:4 T:9031 

Latest messages:
 The homunculus bites!
 The homunculus misses!
 The homunculus just misses!
 The homunculus bites!
 The homunculus misses!
 The homunculus just misses!
 The homunculus misses!
 You wake up.
 You miss the homunculus.
 The homunculus bites!
 The housecat bites the homunculus.
 You miss the homunculus.
 The homunculus bites!
 You avoid harm.
 The housecat misses the homunculus.
 The housecat bites the homunculus.
 The homunculus bites the housecat.
 You miss the homunculus.
 The homunculus misses!
 You smite the homunculus.
 The homunculus misses!
 You miss the homunculus.
 The homunculus misses!
 You kill the homunculus!
 You see here a leash.
 You feel sluggish.
 You feel your magical energy drain away!
 Really step into that pit? [yn] (n) n
 The housecat picks up a dwarvish short sword.
 The housecat drops a dwarvish short sword.
 You kill the lichen!
 You see here a white gem.
 a - a white gem.
 You swap places with your housecat.
 You climb up the stairs.
 You climb up the stairs.
 What do you want to drink? [duOW or ?*] W
 You feel much better.
 You descend the stairs.
 You climb up the stairs.
 You swap places with your housecat.
 What do you want to use or apply? [iqrwEGHNRV or ?*] w
 You produce a strange whistling sound.
 Your housecat appears.
 What do you want to use or apply? [iqrwEGHNRV or ?*] w
 You produce a strange whistling sound.
 Your housecat appears.
 You climb up the stairs.
 Really quit without saving? [yn] (n) y
 Do you want your possessions identified? [ynq] (y) q

Inventory:
 Coins    ('$')
  $ - 322 gold pieces
 Weapons  (')')
  J - 4 +0 orcish arrows
  I - 26 +0 darts (at the ready)
  f - a +0 dagger
  b - a thoroughly rusty +0 short sword (weapon in right hand)
 Armor    ('[')
  t - an uncursed +0 dwarvish iron helm
  M - an uncursed thoroughly rusty +3 dwarvish iron helm (being worn)
  L - an uncursed +0 pair of low boots (being worn)
  Q - a blessed +1 dwarvish cloak (being worn)
  h - an uncursed greased +0 gray dragon scale mail (being worn)
 Comestibles  ('%')
  U - 2 uncursed slime molds
  k - 2 uncursed cram rations
  g - an uncursed food ration
  j - 2 cursed food rations
  m - 2 cursed lembas wafers
  o - an uncursed lizard corpse
 Scrolls  ('?')
  T - an uncursed scroll of earth
  K - 2 uncursed scrolls of enchant armor
  Y - a blessed scroll of gold detection
  v - an uncursed scroll of taming
  e - 2 uncursed scrolls of teleportation
 Potions  ('!')
  u - an uncursed potion of gain ability
  d - 2 uncursed potions of healing
  O - an uncursed potion of see invisible
 Rings    ('=')
  D - an uncursed ring of cold resistance
  B - an uncursed ring of free action (on right hand)
  z - an uncursed +2 ring of gain constitution (on left hand)
  x - an uncursed +2 ring of gain strength
  C - an uncursed ring of poison resistance
  y - an uncursed ring of protection from shape changers
  A - an uncursed ring of regeneration
  s - an uncursed ring of see invisible
 Wands    ('/')
  q - a wand of cancellation (0:4)
  H - a wand of polymorph (0:8)
  r - a wand of secret door detection (0:10)
  N - a wand of sleep (0:7)
 Tools    ('(')
  R - a blessed bag of holding containing 25 items
  G - a bag of tricks (0:13)
  V - an uncursed blindfold
  w - an uncursed magic whistle
  E - a blessed oil lamp
  i - an uncursed skeleton key
 Gems/Stones  ('*')
  Z - an uncursed chrysoberyl stone
  a - an uncursed dilithium crystal
  F - 2 uncursed jade stones
  X - 6 uncursed worthless pieces of red glass
  P - 10 uncursed rocks

Contents of the bag of holding:
  788 gold pieces
  a +0 battle-axe
  an uncursed +0 pair of iron shoes
  an uncursed +0 elven cloak
  an uncursed scroll of blank paper
  an uncursed scroll of blank paper
  an uncursed scroll of enchant armor
  a blessed scroll of teleportation
  a potion of holy water
  a cursed potion of object detection
  an uncursed potion of object detection
  a blessed +3 ring of increase damage
  a blessed +1 ring of increase damage
  an uncursed +3 ring of increase damage
  an uncursed ring of regeneration
  an uncursed ring of slow digestion
  an uncursed ring of stealth
  an uncursed ring of teleport control
  a wand of make invisible (0:4)
  a blessed magic lamp
  a cursed oil lamp
  a +0 pick-axe
  an uncursed worthless piece of white glass
  an uncursed citrine stone
  2 uncursed worthless pieces of yellow glass

Barrb the Barbarian's attributes:

Background:
 You were a Pillager, a level 4 female human Barbarian.
 You were neutral, on a mission for Crom
 who was opposed by Mitra (lawful) and Set (chaotic).
 You were right-handed.
 You were in the Gnomish Mines, on level 8.
 You entered the dungeon 9031 turns ago.
 You had 128 experience points, 32 more were needed to attain level 5.

Basics:
 You had all 55 hit points.
 You had all 3 energy points (spell power).
 Your armor class was -4.
 Your wallet contained 322 zorkmids, and
 you had 788 more stashed away in your pack.
 Autopickup was off.

Final Characteristics:
 Your strength was 18 (limit:18/100).
 Your dexterity was 16 (peak:17, limit:18).
 Your constitution was 20 (base:18, innate limit:18).
 Your intelligence was 7 (limit:18).
 Your wisdom was 7 (limit:18).
 Your charisma was 8 (limit:18).

Final Status:
 You weren't hungry.
 You were unencumbered.
 You were wielding a short sword.
 You had basic skill with short sword.

Final Attributes:
 You were piously aligned.
 You were magic-protected.
 Your items were somewhat protected from fire.
 You were cold resistant.
 Your items were somewhat protected from cold.
 You were poison resistant.
 You were telepathic.
 You were warded.
 You had free action.
 You survived.

Miscellaneous:
 You encountered 1 bones level.
 Total elapsed playing time was 3 hours, 22 minutes and 36 seconds.

Major events:
 Turn
    1: Barrb the neutral female human Barbarian entered the dungeon
 1221: attained the rank of Pillager (level 3)
 2111: entered the Gnomish Mines
 3807: attained the rank of Bandit (level 6)
 4532: reached Mine Town
 4802: made her first wish - "blessed bag of holding", got "a bag"
 9031: quit

You didn't know any spells.

Skills:
 Fighting Skills
   bare handed combat [Basic]
   two weapon combat  [Unskilled]
   riding             [Unskilled]
 Weapon Skills
   dagger             [Unskilled]
   axe                [Skilled]
   pick-axe           [Unskilled]
   short sword        [Basic]
   broadsword         [Unskilled]
   long sword         [Unskilled]
   two-handed sword   [Unskilled]
   saber              [Unskilled]
   club               [Unskilled]
   mace               [Unskilled]
   morning star       [Unskilled]
   flail              [Unskilled]
   hammer             [Unskilled]
   quarterstaff       [Unskilled]
   spear              [Unskilled]
   trident            [Unskilled]
   bow                [Unskilled]
 Spellcasting Skills
   attack spells      [Unskilled]
   escape spells      [Unskilled]

Voluntary challenges:
 Character rerolling was not enabled.
 You never genocided any monsters.
 You never polymorphed an object.
 You never changed form.
 You used 1 wish.
 You did not wish for any artifacts.
Achievements:
 You attained the rank of Pillager.
 You entered the Gnomish Mines.
 You entered a shop.
 You attained the rank of Bandit.
 You entered Minetown.
 You entered a temple.

 The Dungeons of Doom: levels 1 to 5
    Level 1:
    Level 2:
       A fountain.
    Level 3:
       A fountain.
       Stairs down to The Gnomish Mines.
    Level 4:
       A ring shop.
    Level 5:
       A food shop.
 The Gnomish Mines: levels 4 to 12
    Level 4:
       A grave.
       Final resting place for
          eestinsv-Pri-Elf-Fem-Cha, killed by a dwarf.
    Level 5:
    Level 6:
       Many shops, a temple and an altar, some fountains.
    Level 7:
    Level 8: <- You were here.
    Level 9:
    Level 10:
    Level 11:
    Level 12:
       A fountain.


Vanquished creatures:
  a golden naga
  a ghost
  a giant mimic
  a warg
  a xan
  a flaming sphere
  a shocking sphere
  2 tengu
  a Grey-elf
  a cockatrice
  a winter wolf cub
  a lynx
  a black light
  a gnome ruler
 an orc mummy
  a dwarf mummy
  a rust monster
 an owlbear
  a gold golem
  2 Green-elves
  2 lizards
  a dingo
  a jaguar
  2 dwarf leaders
  2 dust vortices
  2 gnome mummies
  a snake
  a human zombie
  a rope golem
  2 fire ants
  a bugbear
  2 water nymphs
  a mountain nymph
  a rock mole
  a pony
  a fog cloud
  2 yellow lights
 14 gnome leaders
  6 gnomish wizards
  a kobold mummy
  a gray ooze
  2 straw golems
  a paper golem
  4 giant ants
  a little dog
  a floating eye
  a kitten
 19 dwarves
  3 homunculi
  a kobold leader
  a kobold shaman
  7 hill orcs
  2 rothes
  a centipede
 an orc zombie
  6 iguanas
 an acid blob
  6 coyotes
  a gas spore
  2 hobbits
  2 large kobolds
  2 hobgoblins
  a giant rat
  a brown mold
  2 yellow molds
  a green mold
  a red mold
 57 gnomes
  a gnome zombie
  9 geckos
  4 jackals
  2 foxes
  a kobold
  4 goblins
  2 sewer rats
  8 grid bugs
  9 lichens
  a kobold zombie
  7 newts
244 creatures vanquished.

No species were genocided or became extinct.

Goodbye Barrb the Barbarian...

You quit in The Gnomish Mines on dungeon level 8 with 15110 points,
and 1110 pieces of gold, after 9031 moves.
You were level 4 with a maximum of 55 hit points when you quit.

